 Dungeon Crawl Stone Soup version 0.14-a0-2618-g5301534 (webtiles) character file.

227 4tharraofdagon the Ducker (level 5, 0/32 HPs)
             Began as a Kobold Gladiator on Feb 14, 2014.
             Slain by a worker ant (5 damage)
             ... on Level 4 of the Dungeon.
             The game lasted 00:03:19 (613 turns).

4tharraofdagon the Ducker (Kobold Gladiator)         Turns: 613, Time: 00:03:19

HP   0/32        AC  4     Str 16      XL: 5   Next: 91%
MP   4/4         EV 15     Int  8      God:
Gold 47          SH  0     Dex 15      Spells:  0 memorised,  4 levels left

rFire  . . .     SeeInvis .     a - +0 quarterstaff
rCold  . . .     Clarity  .     b - +0 leather armour
rNeg   . . .     Conserve .     (no shield)
rPois  .         rCorr    .     c - +0 helmet
rElec  .         rRot     .     (no cloak)
SustAb . .       Spirit   .     (no gloves)
rMut   .         Warding  .     (no boots)
Saprov + + .     Stasis   .     (no amulet)
MR     +....                    (no ring)
                                (no ring)

@: mildly poisoned, somewhat resistant to hostile enchantments, unstealthy
A: disease resistance, carnivore 3, clever 1, deterioration 1, low mp 1, magic
resistance 1, saprovore 2
a: no special abilities


You were on level 4 of the Dungeon.
You were very full.

You visited 1 branch of the dungeon, and saw 4 of its levels.

You collected 47 gold pieces.

Inventory:

Hand weapons
 a - a +0,+0 quarterstaff (weapon)
Armour
 b - a +0 leather armour (worn)
 c - a +0 helmet (worn)
Magical devices
 e - a wand of digging (17)
Comestibles
 f - 3 meat rations
Scrolls
 g - a scroll of enchant armour {unknown}
 i - a scroll of identify {unknown}
 j - a scroll of fear {unknown}
Potions
 k - a potion of experience {unknown}


   Skills:
 + Level 3.1 Fighting
 * Level 4.1 Staves
 - Level 2.6 Throwing
 + Level 1.8 Armour
 + Level 4.5 Dodging


You had 4 spell levels left.
You didn't know any spells.

Dungeon Overview and Level Annotations

Branches:
Dungeon (4/16)
 Temple: D:4-7

Altars:

Annotations:
D:3 ciphuk's ghost, average MiBe
D:4 Grinder


Innate Abilities, Weirdness & Mutations

You recuperate from illness quickly.
You are small and have problems with some larger weapons.
You are carnivorous and can eat meat at any time.
You can eat rotten meat.
Your mind is acute. (Int +2)
Your body is slowly deteriorating.
Your magical capacity is low (-10% MP).
You are resistant to hostile enchantments.


Message History

The worker ant is moderately wounded.
The worker ant misses you.
You hit the worker ant.
The worker ant is moderately wounded.
You feel sick.
The worker ant bites you but does no damage.
You hit the worker ant.
The worker ant is heavily wounded.
The worker ant bites you. Grinder hits you.
You writhe in agony.
You hit the worker ant but do no damage.
The worker ant is heavily wounded.
The worker ant completely misses you. Grinder hits you.
* * * LOW HITPOINT WARNING * * *
You are too injured to fight recklessly!
Unknown command.
Unknown command.
Drink which item? (? for menu, Esc to quit)
You feel refreshed.
It was a potion of restore abilities.
The worker ant bites you.
You die...

#.##..######. ..
#.#. #. #..# ###
#.#. #. #..#
#.#. #.
#..######.# #.##
#. #.........#
#.# #.
##..#####.ยง ..#
#. #..# # ###
#.###..#####...#
#.....5a@......#
#####..######..#
#.$# #..# #.%#
#..# #... #.##


You could see Grinder and a worker ant.

Vanquished Creatures
  A crocodile (D:3)
  3 hounds
  An ooze (D:2)
  An orc (D:4)
  A giant cockroach (D:4)
  4 hobgoblins
  4 jackals (D:4)
  A ball python (D:2)
  2 bats
  4 giant newts
  3 goblins
  2 kobolds
27 creatures vanquished.

Notes
Turn   | Place    | Note
--------------------------------------------------------------
     0 | D:1      | 4tharraofdagon, the Kobold Gladiator, began the quest for the Orb.
     0 | D:1      | Reached XP level 1. HP: 12/12 MP: 1/1
   127 | D:2      | Reached XP level 2. HP: 17/17 MP: 2/2
   256 | D:3      | Noticed ciphuk's ghost (average MiBe)
   270 | D:2      | Gained mutation: Your muscles are strong. (Str +2) [potion of mutation]
   270 | D:2      | Gained mutation: Your magical capacity is low (-10% MP). [potion of mutation]
   270 | D:2      | Gained mutation: You are resistant to hostile enchantments. [potion of mutation]
   274 | D:2      | Lost mutation: Your muscles are strong. (Str +2) [potion of mutation]
   274 | D:2      | Gained mutation: Your mind is acute. (Int +2) [potion of mutation]
   274 | D:2      | Gained mutation: Your body is slowly deteriorating. [potion of mutation]
   302 | D:3      | Noticed a crocodile
   330 | D:3      | Killed a crocodile
   330 | D:3      | Reached skill level 1 in Armour
   330 | D:3      | Reached skill level 4 in Dodging
   330 | D:3      | Reached XP level 3. HP: 15/22 MP: 2/2
   330 | D:3      | Reached XP level 4. HP: 18/27 MP: 3/3
   366 | D:3      | Reached XP level 5. HP: 20/32 MP: 4/4
   598 | D:4      | Noticed Grinder
   613 | D:4      | Slain by a worker ant

Action                   |  1- 3 |  4- 6 || total
-------------------------+-------+-------++-------
Melee: Quarterstaff      |    43 |    50 ||    93
Throw: Throwing net      |     4 |     2 ||     6
Evoke: Wand              |     1 |       ||     1
  Use: Potion            |     3 |     1 ||     4
 Stab: Sleeping          |     1 |       ||     1
       Held in net/web   |       |     2 ||     2
